[gd_scene load_steps=23 format=3 uid="uid://btar8ipfu75cy"]

[ext_resource type="Script" uid="uid://bqstj7ubfag1c" path="res://classes/CharacterSprite.gd" id="1_m3hpd"]
[ext_resource type="Texture2D" uid="uid://co23qttex3ebc" path="res://assets/images/characters/court/edgeworth/smug/0.png" id="1_pi1h7"]
[ext_resource type="Texture2D" uid="uid://bwl1qycb3yj14" path="res://assets/images/characters/court/edgeworth/smug/1.png" id="2_m3hpd"]
[ext_resource type="Texture2D" uid="uid://2fbt6lwahrra" path="res://assets/images/characters/court/edgeworth/smug/head0.png" id="3_1ntu2"]
[ext_resource type="Texture2D" uid="uid://cs1mlcpb3ljgk" path="res://assets/images/characters/court/edgeworth/smug/head1.png" id="4_u7k0r"]
[ext_resource type="Texture2D" uid="uid://bj1g75wuxwupk" path="res://assets/images/characters/court/edgeworth/smug/head2.png" id="5_5b4k0"]
[ext_resource type="Texture2D" uid="uid://cobive0ddmpac" path="res://assets/images/characters/court/edgeworth/smug/head3.png" id="6_qackd"]
[ext_resource type="Texture2D" uid="uid://bsb112kt418ew" path="res://assets/images/characters/court/edgeworth/smug/head4.png" id="7_3mqjn"]
[ext_resource type="Texture2D" uid="uid://b1nnkasldx4xx" path="res://assets/images/characters/court/edgeworth/smug/eye0.png" id="8_262a2"]
[ext_resource type="Texture2D" uid="uid://dm2kn5dqew00v" path="res://assets/images/characters/court/edgeworth/smug/eye1.png" id="9_7eayh"]
[ext_resource type="Texture2D" uid="uid://bnpfv6sgb1jd2" path="res://assets/images/characters/court/edgeworth/smug/mouth0.png" id="10_nn7os"]
[ext_resource type="Texture2D" uid="uid://ckka0ymoh7xam" path="res://assets/images/characters/court/edgeworth/smug/mouth1.png" id="11_brsef"]

[sub_resource type="Animation" id="Animation_mjokw"]
resource_name = "Eyes"
length = 0.3
step = 0.07
tracks/0/type = "value"
tracks/0/imported = false
tracks/0/enabled = true
tracks/0/path = NodePath("Eyes/Eyes0:visible")
tracks/0/interp = 1
tracks/0/loop_wrap = true
tracks/0/keys = {
"times": PackedFloat32Array(0.07, 0.14, 0.21, 0.28),
"transitions": PackedFloat32Array(1, 1, 1, 1),
"update": 1,
"values": [true, false, true, false]
}
tracks/1/type = "value"
tracks/1/imported = false
tracks/1/enabled = true
tracks/1/path = NodePath("Eyes/Eyes1:visible")
tracks/1/interp = 1
tracks/1/loop_wrap = true
tracks/1/keys = {
"times": PackedFloat32Array(0.07, 0.14, 0.21),
"transitions": PackedFloat32Array(1, 1, 1),
"update": 1,
"values": [false, true, false]
}

[sub_resource type="Animation" id="Animation_u7afq"]
resource_name = "Mouth"
length = 0.6
loop_mode = 1
tracks/0/type = "value"
tracks/0/imported = false
tracks/0/enabled = true
tracks/0/path = NodePath("Mouth/Mouth0:visible")
tracks/0/interp = 1
tracks/0/loop_wrap = true
tracks/0/keys = {
"times": PackedFloat32Array(0, 0.15, 0.3, 0.45),
"transitions": PackedFloat32Array(1, 1, 1, 1),
"update": 1,
"values": [false, true, false, true]
}
tracks/1/type = "value"
tracks/1/imported = false
tracks/1/enabled = true
tracks/1/path = NodePath("Mouth/Mouth1:visible")
tracks/1/interp = 1
tracks/1/loop_wrap = true
tracks/1/keys = {
"times": PackedFloat32Array(0, 0.15, 0.3, 0.45),
"transitions": PackedFloat32Array(1, 1, 1, 1),
"update": 1,
"values": [false, false, true, false]
}

[sub_resource type="Animation" id="Animation_xaqat"]
length = 0.001
tracks/0/type = "value"
tracks/0/imported = false
tracks/0/enabled = true
tracks/0/path = NodePath("Eyes/Eyes0:visible")
tracks/0/interp = 1
tracks/0/loop_wrap = true
tracks/0/keys = {
"times": PackedFloat32Array(0),
"transitions": PackedFloat32Array(1),
"update": 1,
"values": [false]
}
tracks/1/type = "value"
tracks/1/imported = false
tracks/1/enabled = true
tracks/1/path = NodePath("Eyes/Eyes1:visible")
tracks/1/interp = 1
tracks/1/loop_wrap = true
tracks/1/keys = {
"times": PackedFloat32Array(0),
"transitions": PackedFloat32Array(1),
"update": 1,
"values": [false]
}
tracks/2/type = "value"
tracks/2/imported = false
tracks/2/enabled = true
tracks/2/path = NodePath("Mouth/Mouth0:visible")
tracks/2/interp = 1
tracks/2/loop_wrap = true
tracks/2/keys = {
"times": PackedFloat32Array(0),
"transitions": PackedFloat32Array(1),
"update": 1,
"values": [false]
}
tracks/3/type = "value"
tracks/3/imported = false
tracks/3/enabled = true
tracks/3/path = NodePath("Mouth/Mouth1:visible")
tracks/3/interp = 1
tracks/3/loop_wrap = true
tracks/3/keys = {
"times": PackedFloat32Array(0),
"transitions": PackedFloat32Array(1),
"update": 1,
"values": [false]
}

[sub_resource type="AnimationLibrary" id="AnimationLibrary_p5637"]
_data = {
&"Eyes": SubResource("Animation_mjokw"),
&"Mouth": SubResource("Animation_u7afq"),
&"RESET": SubResource("Animation_xaqat")
}

[sub_resource type="Animation" id="Animation_0yvmd"]
resource_name = "Mouth"
length = 0.6
loop_mode = 1
step = 0.15
tracks/0/type = "value"
tracks/0/imported = false
tracks/0/enabled = true
tracks/0/path = NodePath("Mouth/Mouth0:visible")
tracks/0/interp = 1
tracks/0/loop_wrap = true
tracks/0/keys = {
"times": PackedFloat32Array(0, 0.15, 0.3, 0.45),
"transitions": PackedFloat32Array(1, 1, 1, 1),
"update": 1,
"values": [false, true, false, true]
}
tracks/1/type = "value"
tracks/1/imported = false
tracks/1/enabled = true
tracks/1/path = NodePath("Mouth/Mouth1:visible")
tracks/1/interp = 1
tracks/1/loop_wrap = true
tracks/1/keys = {
"times": PackedFloat32Array(0, 0.15, 0.3, 0.45),
"transitions": PackedFloat32Array(1, 1, 1, 1),
"update": 1,
"values": [false, false, true, false]
}

[sub_resource type="Animation" id="Animation_m3hpd"]
resource_name = "RESET"
length = 0.001
step = 0.15
tracks/0/type = "value"
tracks/0/imported = false
tracks/0/enabled = true
tracks/0/path = NodePath("Mouth/Mouth0:visible")
tracks/0/interp = 1
tracks/0/loop_wrap = true
tracks/0/keys = {
"times": PackedFloat32Array(0),
"transitions": PackedFloat32Array(1),
"update": 1,
"values": [false]
}
tracks/1/type = "value"
tracks/1/imported = false
tracks/1/enabled = true
tracks/1/path = NodePath("Mouth/Mouth1:visible")
tracks/1/interp = 1
tracks/1/loop_wrap = true
tracks/1/keys = {
"times": PackedFloat32Array(0),
"transitions": PackedFloat32Array(1),
"update": 1,
"values": [false]
}

[sub_resource type="AnimationLibrary" id="AnimationLibrary_7xc3x"]
_data = {
&"Mouth": SubResource("Animation_0yvmd"),
&"RESET": SubResource("Animation_m3hpd")
}

[sub_resource type="Animation" id="Animation_u6bcg"]
length = 0.001
tracks/0/type = "value"
tracks/0/imported = false
tracks/0/enabled = true
tracks/0/path = NodePath("Body/Body0:visible")
tracks/0/interp = 1
tracks/0/loop_wrap = true
tracks/0/keys = {
"times": PackedFloat32Array(0),
"transitions": PackedFloat32Array(1),
"update": 1,
"values": [true]
}
tracks/1/type = "value"
tracks/1/imported = false
tracks/1/enabled = true
tracks/1/path = NodePath("Body/Body1:visible")
tracks/1/interp = 1
tracks/1/loop_wrap = true
tracks/1/keys = {
"times": PackedFloat32Array(0),
"transitions": PackedFloat32Array(1),
"update": 1,
"values": [false]
}
tracks/2/type = "value"
tracks/2/imported = false
tracks/2/enabled = true
tracks/2/path = NodePath("Head/Head0:visible")
tracks/2/interp = 1
tracks/2/loop_wrap = true
tracks/2/keys = {
"times": PackedFloat32Array(0),
"transitions": PackedFloat32Array(1),
"update": 1,
"values": [true]
}
tracks/3/type = "value"
tracks/3/imported = false
tracks/3/enabled = true
tracks/3/path = NodePath("Head/Head1:visible")
tracks/3/interp = 1
tracks/3/loop_wrap = true
tracks/3/keys = {
"times": PackedFloat32Array(0),
"transitions": PackedFloat32Array(1),
"update": 1,
"values": [false]
}
tracks/4/type = "value"
tracks/4/imported = false
tracks/4/enabled = true
tracks/4/path = NodePath("Head/Head2:visible")
tracks/4/interp = 1
tracks/4/loop_wrap = true
tracks/4/keys = {
"times": PackedFloat32Array(0),
"transitions": PackedFloat32Array(1),
"update": 1,
"values": [false]
}
tracks/5/type = "value"
tracks/5/imported = false
tracks/5/enabled = true
tracks/5/path = NodePath("Head/Head3:visible")
tracks/5/interp = 1
tracks/5/loop_wrap = true
tracks/5/keys = {
"times": PackedFloat32Array(0),
"transitions": PackedFloat32Array(1),
"update": 1,
"values": [false]
}
tracks/6/type = "value"
tracks/6/imported = false
tracks/6/enabled = true
tracks/6/path = NodePath("Head/Head4:visible")
tracks/6/interp = 1
tracks/6/loop_wrap = true
tracks/6/keys = {
"times": PackedFloat32Array(0),
"transitions": PackedFloat32Array(1),
"update": 1,
"values": [false]
}

[sub_resource type="Animation" id="Animation_7xc3x"]
resource_name = "Startup"
length = 2.3
step = 0.05
tracks/0/type = "value"
tracks/0/imported = false
tracks/0/enabled = true
tracks/0/path = NodePath("Body/Body0:visible")
tracks/0/interp = 1
tracks/0/loop_wrap = true
tracks/0/keys = {
"times": PackedFloat32Array(0, 0.2, 0.6),
"transitions": PackedFloat32Array(1, 1, 1),
"update": 1,
"values": [true, false, true]
}
tracks/1/type = "value"
tracks/1/imported = false
tracks/1/enabled = true
tracks/1/path = NodePath("Body/Body1:visible")
tracks/1/interp = 1
tracks/1/loop_wrap = true
tracks/1/keys = {
"times": PackedFloat32Array(0, 0.2, 0.6),
"transitions": PackedFloat32Array(1, 1, 1),
"update": 1,
"values": [false, true, false]
}
tracks/2/type = "value"
tracks/2/imported = false
tracks/2/enabled = true
tracks/2/path = NodePath("Head/Head0:visible")
tracks/2/interp = 1
tracks/2/loop_wrap = true
tracks/2/keys = {
"times": PackedFloat32Array(0, 0.2, 0.6, 0.7),
"transitions": PackedFloat32Array(1, 1, 1, 1),
"update": 1,
"values": [true, false, true, false]
}
tracks/3/type = "value"
tracks/3/imported = false
tracks/3/enabled = true
tracks/3/path = NodePath("Head/Head1:visible")
tracks/3/interp = 1
tracks/3/loop_wrap = true
tracks/3/keys = {
"times": PackedFloat32Array(0, 0.7, 0.9, 1.15, 1.25, 1.5, 1.6, 1.85, 2.25),
"transitions": PackedFloat32Array(1, 1, 1, 1, 1, 1, 1, 1, 1),
"update": 1,
"values": [false, true, false, true, false, true, false, true, false]
}
tracks/4/type = "value"
tracks/4/imported = false
tracks/4/enabled = true
tracks/4/path = NodePath("Head/Head2:visible")
tracks/4/interp = 1
tracks/4/loop_wrap = true
tracks/4/keys = {
"times": PackedFloat32Array(0, 1.25, 1.5),
"transitions": PackedFloat32Array(1, 1, 1),
"update": 1,
"values": [false, true, false]
}
tracks/5/type = "value"
tracks/5/imported = false
tracks/5/enabled = true
tracks/5/path = NodePath("Head/Head3:visible")
tracks/5/interp = 1
tracks/5/loop_wrap = true
tracks/5/keys = {
"times": PackedFloat32Array(0, 0.9, 1.15, 1.6, 1.85),
"transitions": PackedFloat32Array(1, 1, 1, 1, 1),
"update": 1,
"values": [false, true, false, true, false]
}
tracks/6/type = "value"
tracks/6/imported = false
tracks/6/enabled = true
tracks/6/path = NodePath("Head/Head4:visible")
tracks/6/interp = 1
tracks/6/loop_wrap = true
tracks/6/keys = {
"times": PackedFloat32Array(0, 2.25),
"transitions": PackedFloat32Array(1, 1),
"update": 1,
"values": [false, true]
}

[sub_resource type="AnimationLibrary" id="AnimationLibrary_cp2xy"]
_data = {
&"RESET": SubResource("Animation_u6bcg"),
&"Startup": SubResource("Animation_7xc3x")
}

[node name="EdgCourtSmug" type="Node2D" node_paths=PackedStringArray("EyeTimer", "EyesAnimation", "MouthAnimation", "StartupAnimation")]
script = ExtResource("1_m3hpd")
char_name = "Edgeworth"
EyeTimer = NodePath("Eyes/Timer")
EyesAnimation = NodePath("EyesAnimation")
MouthAnimation = NodePath("MouthAnimation")
StartupAnimation = NodePath("StartupAnimation")
SkipStartup = true
metadata/_custom_type_script = "uid://bqstj7ubfag1c"

[node name="EyesAnimation" type="AnimationPlayer" parent="."]
libraries = {
&"": SubResource("AnimationLibrary_p5637")
}

[node name="MouthAnimation" type="AnimationPlayer" parent="."]
libraries = {
&"": SubResource("AnimationLibrary_7xc3x")
}

[node name="StartupAnimation" type="AnimationPlayer" parent="."]
libraries = {
&"": SubResource("AnimationLibrary_cp2xy")
}

[node name="Body" type="Node2D" parent="."]
position = Vector2(1158, 973)

[node name="Body0" type="Sprite2D" parent="Body"]
position = Vector2(0, -289)
texture = ExtResource("1_pi1h7")

[node name="Body1" type="Sprite2D" parent="Body"]
visible = false
position = Vector2(0.5, -482.5)
texture = ExtResource("2_m3hpd")

[node name="Head" type="Node2D" parent="."]
position = Vector2(1158, 973)

[node name="Head0" type="Sprite2D" parent="Head"]
position = Vector2(145, -787.5)
texture = ExtResource("3_1ntu2")

[node name="Head1" type="Sprite2D" parent="Head"]
visible = false
position = Vector2(143.5, -778)
texture = ExtResource("4_u7k0r")

[node name="Head2" type="Sprite2D" parent="Head"]
visible = false
position = Vector2(107, -770)
texture = ExtResource("5_5b4k0")

[node name="Head3" type="Sprite2D" parent="Head"]
visible = false
position = Vector2(165, -781)
texture = ExtResource("6_qackd")

[node name="Head4" type="Sprite2D" parent="Head"]
visible = false
position = Vector2(145, -787.5)
texture = ExtResource("7_3mqjn")

[node name="Eyes" type="Node2D" parent="."]
position = Vector2(1158, 973)

[node name="Timer" type="Timer" parent="Eyes"]
wait_time = 3.0
one_shot = true

[node name="Eyes0" type="Sprite2D" parent="Eyes"]
visible = false
position = Vector2(88.5, -810)
texture = ExtResource("8_262a2")

[node name="Eyes1" type="Sprite2D" parent="Eyes"]
visible = false
position = Vector2(88.5, -810)
texture = ExtResource("9_7eayh")

[node name="Mouth" type="Node2D" parent="."]
position = Vector2(1158, 973)

[node name="Mouth0" type="Sprite2D" parent="Mouth"]
visible = false
position = Vector2(142.5, -675)
texture = ExtResource("10_nn7os")

[node name="Mouth1" type="Sprite2D" parent="Mouth"]
visible = false
position = Vector2(142.5, -675)
texture = ExtResource("11_brsef")
